 Dungeon Crawl Stone Soup version 0.27-a0-1196-g3e9cee4cb2 (webtiles) character file.

Game seed: 14754502375917477116

351800 Kinoniko the Axe Maniac (level 22, -13/203 (215) HPs)
             Began as a Hill Orc Monk on May 28, 2021.
             Was the Champion of Qazlal.
             Mangled by a vault warden
             ... wielding a +0 long sword of electrocution
              (23 damage)
             ... on level 4 of the Vaults.
             The game lasted 01:30:18 (52656 turns).

Kinoniko the Axe Maniac (Hill Orc Monk)            Turns: 52656, Time: 01:30:19

HP:   -13/203 (215) AC: 36    Str: 24    XL:     22   Next: 24%
MP:   32/37         EV: 17    Int: 17    God:    Qazlal [******]
Gold: 1852          SH:  0    Dex: 13    Spells: 16/21 levels left

rFire    . . .     SeeInvis +   G - +3 executioner's axe (flame)
rCold    + + .     Faith    +   (shield currently unavailable)
rNeg     . . .     Spirit   .   d - +9 chain mail "Suthres" {rPois rF- Will+}
rPois    +         Reflect  .   z - +0 helmet "Ibau" {rC++}
rElec    .         Harm     .   i - -1 cloak of the Great Game {Will+ Int+7}
rCorr    .         Rampage  .   E - +2 pair of gloves
Will     ++++.                  K - +2 pair of boots
Stlth    ..........             l - amulet of faith
HPRegen  0.43/turn              t - ring of the Shining Light {Will+ EV+4 SInv}
MPRegen  0.25/turn              s - ring of protection from fire

@: confused, ambrosia-drunk, protected from physical damage, very slightly
contaminated, studying 2 skills, drained, invisible, repel missiles
A: see invisible, passive freeze, shaggy fur 1
}: 2/15 runes: barnacled, gossamer
a: Renounce Religion, Upheaval, Elemental Force, Disaster Area


You were on level 4 of the Vaults.
You worshipped Qazlal.
Qazlal was exalted by your worship.
You visited 7 branches of the dungeon, and saw 36 of its levels.
You visited the Abyss 1 time.
You visited 1 bazaar.
You also visited: Sewer, Bailey, Gauntlet, Ice Cave and Desolation.

You collected 7824 gold pieces.
You spent 5972 gold pieces at shops.

Inventory:

Hand Weapons
 v - a +8 battleaxe of freezing
 x - the +3 Elemental Staff {rElec rF++ rC++ Will++ AC+5}
   (You found it on level 12 of the Dungeon)

   It affects your AC (+5).
   It greatly protects you from fire.
   It greatly protects you from cold.
   It insulates you from electricity.
   It greatly increases your willpower.
 G - a +3 executioner's axe of flaming (weapon)
 S - the +6 Majin-Bo {vamp, MP+6 Int+6}
   (You found it on level 5 of the Lair of Beasts)

   It inflicts no extra harm, but heals its wielder when it wounds a living foe.
   It affects your intelligence (+6).
   It affects your magic capacity (+6).
Missiles
 c - 10 throwing nets (quivered)
 m - 13 atropa-tipped darts
 u - 5 curare-tipped darts
Armour
 d - the +9 chain mail "Suthres" (worn) {rPois rF- Will+}
   (You found it in a sewer)

   It makes you vulnerable to fire.
   It protects you from poison.
   It increases your willpower.
 i - the -1 cloak of the Great Game (worn) {Will+ Int+7}
   (You found it on level 4 of the Spider Nest)

   It affects your intelligence (+7).
   It increases your willpower.
 q - +4 gold dragon scales
 z - the +0 helmet "Ibau" (worn) {rC++}
   (You found it in a Gauntlet)

   It greatly protects you from cold.
 E - a +2 pair of gloves (worn)
 K - a +2 pair of boots (worn)
 O - the +5 leather armour of Watchfulness {Drain rN++ Regen+}
   (You took it off a minotaur in a Gauntlet)

   It greatly protects you from negative energy.
   It increases your rate of health regeneration.
   It drains your maximum health when unequipped.
 P - the +4 robe of Augmentation {Str+4 Int+4 Dex+4}
   (You found it in a Gauntlet)

   It affects your strength (+4).
   It affects your intelligence (+4).
   It affects your dexterity (+4).
Jewellery
 l - an amulet of faith (around neck)
 s - a ring of protection from fire (right hand)
 t - the ring of the Shining Light (left hand) {Will+ EV+4 SInv}
   (You acquired it on level 11 of the Dungeon)

   [ring of evasion]

   It affects your evasion (+4).
   It lets you see invisible.
   It increases your willpower.
 C - a ring of resist corrosion
 H - a +4 ring of slaying
 L - the amulet "Hunokl Eghe" {Acrobat rC+ Int+4}
   (You found it on level 1 of the Vaults)

   [amulet of the acrobat]

   It increases your evasion while moving and waiting.
   It affects your intelligence (+4).
   It protects you from cold.
 M - the ring of Dutes {rC+ rN+ Str+6}
   (You bought it in a shop on level 2 of the Vaults)

   [ring of strength]

   It affects your strength (+6).
   It protects you from cold.
   It protects you from negative energy.
 V - the ring of Wida {Will+ Int+8}
   (You found it on level 1 of the Shoals)

   [ring of willpower]

   It affects your intelligence (+8).
   It increases your willpower.
 W - a ring of protection from cold
Wands
 f - a wand of iceblast (2)
 g - a wand of polymorph (26)
 h - a wand of digging (12)
 k - a wand of paralysis (49)
 n - a wand of acid (19)
 y - a wand of charming (23)
 Q - a wand of mindburst (51)
 T - a wand of flame (117)
Scrolls
 a - a scroll of brand weapon
 b - 7 scrolls of fear
 o - 2 scrolls of fog
 r - 6 scrolls of magic mapping
 w - 18 scrolls of teleportation
 I - a scroll of summoning
 N - 14 scrolls of identify
Potions
 e - 2 potions of haste
 p - 11 potions of flight
 A - 4 potions of lignification
 B - a potion of resistance
 D - 2 potions of mutation
 J - 8 potions of curing
 R - 11 potions of might
 X - 2 potions of magic
 Y - 6 potions of ambrosia
 Z - 2 potions of cancellation
Miscellaneous
 F - a tin of tremorstones (2/2)


   Skills:
 * Level 22.1 Fighting
 O Level 27 Axes
 - Level 7.8(17.5) Polearms
 - Level 15.9 Armour
 - Level 10.3 Dodging
 - Level 1.5 Stealth
 * Level 22.8 Invocations


You had 16 spell levels left.
You knew the following spells:

 Your Spells              Type           Power      Damage    Failure   Level
a - Manifold Assault      Tloc           0%         N/A       100%        5

Your spell library contained the following spells:

 Spells                   Type           Power      Damage    Failure   Level
 Animate Skeleton         Necr           0%         N/A       67%         1
 Apportation              Tloc           0%         N/A       67%         1
 Corona                   Hex            0%         N/A       67%         1
 Foxfire                  Conj/Fire      0%         2x1d4     67%         1
 Pain                     Necr           0%         1d4       67%         1
 Sandblast                Erth           0%         2d4       67%         1
 Sting                    Tmut/Pois      0%         1d3       67%         1
 Summon Small Mammal      Summ           0%         N/A       67%         1
 Blink                    Tloc           N/A        N/A       80%         2
 Call Imp                 Summ           0%         N/A       80%         2
 Ensorcelled Hibernation  Hex/Ice        0%         N/A       80%         2
 Passwall                 Tmut/Erth      0%         N/A       80%         2
 Poisonous Vapours        Pois/Air       0%         N/A       80%         2
 Slow                     Hex            0%         N/A       80%         2
 Wereblood                Tmut           0%         N/A       80%         2
 Call Canine Familiar     Summ           0%         N/A       95%         3
 Confusing Touch          Hex            0%         N/A       95%         3
 Dazzling Flash           Conj/Hex       0%         N/A       95%         3
 Frozen Ramparts          Ice            0%         1d2       95%         3
 Gell's Gravitas          Tloc           0%         N/A       95%         3
 Inner Flame              Hex/Fire       0%         N/A       95%         3
 Lesser Beckoning         Tloc           0%         N/A       95%         3
 Ozocubu's Armour         Ice            0%         N/A       95%         3
 Portal Projectile        Hex/Tloc       0%         N/A       95%         3
 Spider Form              Tmut/Pois      0%         N/A       95%         3
 Stone Arrow              Conj/Erth      0%         3d7       95%         3
 Summon Guardian Golem    Hex/Summ       0%         N/A       95%         3
 Swiftness                Air            0%         N/A       95%         3
 Teleport Other           Tloc           0%         N/A       95%         3
 Tukima's Dance           Hex            0%         N/A       95%         3
 Vampiric Draining        Necr           0%         2d6       95%         3
 Animate Dead             Necr           0%         N/A       100%        4
 Cause Fear               Hex            0%         N/A       100%        4
 Leda's Liquefaction      Hex/Erth       0%         N/A       100%        4
 Olgreb's Toxic Radiance  Pois           0%         N/A       100%        4
 Passage of Golubria      Tloc           N/A        N/A       100%        4
 Petrify                  Tmut/Erth      0%         N/A       100%        4
 Summon Ice Beast         Ice/Summ       0%         N/A       100%        4
 Summon Lightning Spire   Summ/Air       0%         N/A       100%        4
 Agony                    Necr           0%         N/A       100%        5
 Alistair's Intoxication  Tmut/Pois      0%         N/A       100%        5
 Bolt of Magma            Conj/Fire/Erth 0%         4d4       100%        5
 Irradiate                Conj/Tmut      0%         3d14      100%        5
 Iskenderun's Battlesphe  Conj           0%         2d6       100%        5
 Lee's Rapid Deconstruct  Erth           0%         3d5*      100%        5
 Metabolic Englaciation   Hex/Ice        0%         N/A       100%        5
 Yara's Violent Unravell  Hex/Tmut       0%         3d3       100%        5
 Blade Hands              Tmut           0%         N/A       100%        6
 Invisibility             Hex            0%         N/A       100%        6
 Iron Shot                Conj/Erth      0%         9d1       100%        6
 Statue Form              Tmut/Erth      0%         N/A       100%        6
 Dragon Form              Tmut           0%         N/A       100%        7
 Orb of Destruction       Conj           0%         N/A       100%        7
 Spellforged Servitor     Conj/Summ      0%         N/A       100%        7
 Dragon's Call            Summ           0%         N/A       100%        9


Dungeon Overview and Level Annotations

Branches:
Dungeon (15/15)            Temple (1/1) D:7            Lair (6/6) D:9
 Shoals (4/4) Lair:2       Spider (4/4) Lair:2          Orc (2/2) D:11
    Elf (0/3) Orc:2        Vaults (4/5) D:14         Depths (0/5) D:15
  Sewer (visited)          Bailey (visited)           IceCv (visited)
Desolation (visited)      Gauntlet (visited)
  Slime: Lair:5-6     Crypt: Vaults:2-3

Altars:
Ashenzari
Cheibriados
Dithmenos
Elyvilon
Fedhas
Gozag
Hepliaklqana
Kikubaaqudgha
Makhleb
Nemelex Xobeh
Okawaru
Qazlal
Ru
Sif Muna
Trog
Uskayaw
Vehumet
Wu Jian
Xom
Yredelemnul
Zin
The Shining One
Beogh

Shops:
D:1 (   D:11 !*!?   D:13 !   D:15 ?   Orc:2 :!([   Shoals:3 =(?:   Vaults:1 *
Vaults:2 =   Vaults:4 !

Annotations:
Vaults:2 2 transporters, exclusion: orange crystal statue


Innate Abilities, Weirdness & Mutations

You have supernaturally acute eyesight. (SInv)
A frigid envelope surrounds you and freezes all who hurt you.
You are covered in fur. (AC +1)


Message History

The ghostly fireball engulfs the saltling.
The saltling completely resists.
The servant of whispers is struck by lightning.
The servant of whispers misses you.
The peacekeeper is struck by lightning.
There is a gate leading back out of this place here.
The servant of whispers shouts!
The peacekeeper no longer looks unusually strong.
The saltling no longer looks unusually strong.
The peacekeeper is engulfed in freezing vapours.
The peacekeeper roars a battlecry!
The golems go into a battle-frenzy!
The servant of whispers barely misses you.
The halazid warlock points at you and mumbles some strange words.
The bolt of cold hits you. You resist.
* * * LOW HITPOINT WARNING * * *
The saltling completely misses you.
Welcome back to the Vaults!
The ironbound frostheart shouts!
You hear a horrible gurgling sound!
The vault warden completely misses you.
There is a collapsed entrance here.
Okay, then.
Okay, then.
You are confused.
You feel invigorated.
You hear a shout! x2
A vault sentinel comes into view. It is wielding a +0 war axe.
The vault warden hits you with a +0 long sword of electrocution!
* * * LOW HITPOINT WARNING * * *
The vault warden is very cold.
The vault warden is lightly wounded.
The halazid warlock barely misses you. The vault warden blocks your attack.
The vault warden is lightly wounded.
You slash the halazid warlock! You burn the halazid warlock.
You closely miss the ironbound frostheart.
The ironbound frostheart touches you but does no damage.
The ironbound frostheart resists.
The ironbound frostheart is very cold.
The ironbound frostheart is lightly wounded.
The vault warden hits you with a +0 long sword of electrocution!!
You die...

*,,,,,,* ******* *,>,,,,* *,,,,,,
**** *,,,,,,##########.,,,*, ,,,*
#,,,,,,+........'.,,,*, ,,,*
#.****##........#,,,,** ,,,*
#..####..?......#,***,, ,,,*
*#....○.○.......#,,,*,,
,,,********#p§§p§.§.......#*,,***
,,,+,,*,,,,,#.§p@§§.......#**,,,*
,,,*,,*,,,,,#.§L§§§.......# **,,*
,,,*,,*,,,,,#.§§§§§§......# **,,
****,,*,,,,,#...§§§§#####'######*
*,,*'**+*##########......#....
*,,*,,*,,* #......#....
*,,*,,*,,* #....).#.#.#
*,,*,,*,,* #......#..∩.
*,,*,,*,,* #......#.#.#


You could see a vault warden, a halazid warlock, an ironbound frostheart and a
vault sentinel.

Vanquished Creatures
  Saint Roka (Orc:2)
  Arachne (Spider:3)
  2 hellephants (Vaults:3)
  A tentacled monstrosity (Vaults:1)
  Asterion (Vaults:1)
  Polyphemus (Shoals:3)
  3 sphinxes
  Gastronok (D:8)
  2 krakens (Shoals:2)
  Agnes (Spider:2)
  Kirke (Shoals:3)
  Ilsuiw (Shoals:4)
  Donald (Vaults:1)
  4 ghost moths
  5 emperor scorpions (Spider:4)
  6 vault wardens
  A fire giant (D:12)
  2 orc warlords
  2 frost giants
  A ghoul (D:15)
  11 ironbound preservers
  A stone giant (D:10)
  The ghost of Yxzaesko the Zephyrmancer, a journeyman TeWz of Gozag (Shoals:1)
  The ghost of celly00 the Zephyrmancer, a journeyman TeWz of Gozag (Shoals:2)
  3 very ugly things (Vaults:2)
  A war gargoyle (Vaults:1)
  8 entropy weavers
  A dire elephant (Vaults:3)
  2 minotaurs
  4 spark wasps
  6 merfolk javelineers
  An ettin (D:15)
  9 merfolk impalers
  The ghost of knorpule3000 the Cruncher, a journeyman HuWn of Cheibriados (Lair:1)
  A fire dragon (D:10)
  Josephine (D:14)
  A great orb of eyes (Vaults:2)
  10 ironbound thunderhulks
  10 hydras
  3 peacekeepers (Desolation)
  Fannar (D:11)
  2 servants of whispers
  Erolcha (Orc:2)
  8 yaktaur captains
  A ghost crab (Gauntlet)
  8 boulder beetles
  11 centaur warriors
  4 ogre magi
  8 merfolk aquamancers
  6 vault guards
  2 satyrs (Shoals:2)
  2 catoblepae
  2 alligator snapping turtles (Shoals:4)
  4 ironbound frosthearts
  2 merfolk avatars
  5 tengu warriors
  17 death yaks
  15 two-headed ogres
  The ghost of Renjy the Destroyer, a journeyman VSCj of Cheibriados (D:10)
  4 ironbound beastmasters
  14 hell knights (Vaults:3)
  A thrashing horror (Abyss:2)
  2 orc high priests
  Nergalle (D:12)
  7 skeletal warriors
  36 deep trolls
  A golden dragon zombie (Abyss:2)
  11 sea snakes
  15 starcursed masses (Abyss:2)
  A swamp dragon (shapeshifter) (Vaults:1)
  13 ironbound convokers
  A deep elf archer (D:14)
  14 wizards
  Pikel (D:4)
  5 lindwurms
  25 harpies
  7 orc knights
  6 deep elf zephyrmancers (Orc:1)
  A necromancer (D:15)
  27 wolf spiders
  20 ugly things
  19 orb spiders
  4 deep elf pyromancers
  11 manticores
  2 worldbinders (Abyss:2)
  5 orc sorcerers
  8 cyclopes
  10 fauns
  7 large abominations (Abyss:2)
  3 moths of wrath
  13 elephants
  A stone giant skeleton (Vaults:3)
  3 guardian serpents
  10 black mambas
  4 torpor snails
  13 vault sentinels
  A frost giant skeleton (Vaults:3)
  An apocalypse crab (Abyss:2)
  5 molten gargoyles
  4 merfolk sirens
  3 spectral sea snakes (Shoals:1)
  2 orange demons (Abyss:2)
  An ice statue (IceCv)
  A gargoyle (D:14)
  A smoke demon (Abyss:2)
  3 water nymphs
  18 cane toads
  4 rime drakes
  Maggie (D:9)
  18 demonic crawlers
  12 komodo dragons
  An unseen horror (D:12)
  12 yaktaurs
  3 ancient zymes (Abyss:2)
  2 kobold demonologists (D:12)
  A freezing wraith (Abyss:2)
  2 spectral merfolk (Shoals:1)
  A komodo dragon (shapeshifter) (D:13)
  A tengu conjurer (D:15)
  33 merfolk
  27 jumping spiders
  A jumping spider (shapeshifter) (D:15)
  4 trolls
  3 meliai (D:15)
  20 polar bears
  10 hornets
  7 raiju (Abyss:2)
  5 wind drakes
  13 saltlings
  28 slime creatures
  Prince Ribbit (D:7)
  13 blink frogs
  10 snapping turtles
  13 dream sheep
  86 redbacks
  14 water elementals
  6 wraiths
  13 wyverns
  32 tarantellas
  A fire elemental (D:15)
  54 yaks
  7 basilisks
  6 hogs (Shoals:3)
  A golden eye (shapeshifter) (D:15)
  A sea snake simulacrum (Shoals:1)
  3 neqoxecs
  A chaos spawn (Abyss:2)
  3 steam dragons
  5 vampire mosquitoes (D:13)
  An elf skeleton (Vaults:3)
  2 wargs (Orc:1)
  2 acid dragons
  Menkaure (D:7)
  22 water moccasins
  9 ice beasts
  A sky beast (D:6)
  Purgy (Sewer)
  39 orc warriors
  3 black bears
  2 hornet zombies (D:5)
  7 ogres
  A necrophage (D:8)
  20 wolves
  12 centaurs
  A phantom (D:4)
  A kobold brigand (D:12)
  A lemure (D:4)
  15 bullfrogs
  A scorpion (D:5)
  A gnoll sergeant (D:6)
  4 human skeletons (Vaults:3)
  3 merfolk simulacra (Shoals:1)
  A water nymph simulacrum (Shoals:1)
  5 small abominations
  5 killer bees (D:10)
  6 wights
  2 electric eels
  5 howler monkeys
  A bullfrog zombie (D:5)
  3 centaur zombies
  5 hounds
  2 bullfrog skeletons
  2 jellies (D:6)
  Crazy Yiuf (D:5)
  4 gnoll shamans
  21 orc priests
  An iguana (D:6)
  30 orc wizards
  5 hell rats (Lair:2)
  4 mummies (D:15)
  A howler monkey zombie (D:10)
  37 gnolls
  7 adders
  5 river rats (Lair:2)
  A shadow imp (Gauntlet)
  3 white imps
  A worm (D:3)
  5 dart slugs
  101 orcs
  8 bats
  7 endoplasms
  3 giant cockroaches
  25 goblins
  15 hobgoblins
  15 jackals
  12 kobolds
  8 ball pythons
  2 frilled lizards (D:2)
  10 rats
  A butterfly (Lair:3)
  5 tentacles (Shoals:2)
1584 creatures vanquished.

Vanquished Creatures (others)
  A ragged hierophant (Desolation)
  A wizard (Vaults:2)
  A wolf spider (Spider:2)
  A guardian serpent (Desolation)
  A merfolk (Shoals:4)
  A saltling (Desolation)
  A tarantella (Spider:1)
  A redback (Spider:4)
  An orc (Orc:1)
  18 fungi
  117 plants
  14 tentacles (Shoals:2)
  6 withered plants
164 creatures vanquished.

Grand Total: 1748 creatures vanquished

Notes
Turn   | Place    | Note
-------+----------+-------------------------------------------
     0 | D:1      | Kinoniko the Hill Orc Monk began the quest for the Orb.
     0 | D:1      | Reached XP level 1. HP: 19/19 MP: 1/1
   103 | D:1      | Found Okunt's Antique Weapon Shoppe.
   131 | D:1      | Reached XP level 2. HP: 14/27 MP: 2/2
   423 | D:1      | Reached skill level 5 in Axes
   586 | D:1      | Reached XP level 3. HP: 23/33 MP: 3/3
  1490 | D:2      | Reached skill level 6 in Axes
  1688 | D:2      | Reached XP level 4. HP: 35/40 MP: 4/4
  2312 | D:3      | Found a glowing drain.
  2349 | Sewer    | Entered a sewer
  2402 | Sewer    | Noticed Purgy
  2415 | Sewer    | Killed Purgy
  2416 | Sewer    | Reached skill level 8 in Axes
  2416 | Sewer    | Reached XP level 5. HP: 27/46 MP: 5/5
  2589 | Sewer    | Identified the +9 chain mail "Suthres" {rPois rF- Will+}
  3004 | D:3      | Found a large runed translucent door.
  3035 | D:3      | Reached XP level 6. HP: 52/52 MP: 6/6
  3049 | D:3      | Found a large runed translucent door.
  3778 | D:4      | Noticed a black bear
  3789 | D:4      | Killed a black bear
  3790 | D:4      | Reached skill level 9 in Axes
  3968 | D:4      | Found a shimmering blue altar of Sif Muna.
  3973 | D:4      | Found a shadowy altar of Dithmenos.
  3974 | D:4      | Found a blossoming altar of Fedhas.
  3974 | D:4      | Found a bloodstained altar of Trog.
  4013 | D:4      | Noticed Pikel
  4026 | D:4      | Killed Pikel
  4027 | D:4      | Reached skill level 11 in Axes
  4027 | D:4      | Reached XP level 7. HP: 58/58 MP: 7/7
  4027 | D:4      | Reached XP level 8. HP: 66/66 MP: 8/8
  4309 | D:5      | Entered Level 5 of the Dungeon
  4341 | D:4      | Reached skill level 12 in Axes
  5002 | D:5      | Reached skill level 13 in Axes
  5439 | D:5      | Found a runed translucent door.
  5440 | D:5      | Noticed Crazy Yiuf
  5610 | D:5      | Killed Crazy Yiuf
  6084 | D:6      | Reached skill level 14 in Axes
  6093 | D:6      | Noticed a purple ugly thing
  6132 | D:6      | Killed a purple ugly thing
  6133 | D:6      | Reached XP level 9. HP: 25/71 MP: 9/9
  6143 | D:6      | Reached skill level 15 in Axes
  6691 | D:6      | Reached skill level 1 in Polearms
  7511 | D:7      | Noticed Menkaure
  7516 | D:7      | Killed Menkaure
  7596 | D:7      | Noticed a hornet
  7607 | D:7      | Killed a hornet
  7608 | D:7      | Reached skill level 5 in Fighting
  7613 | D:7      | HP: 3/74 [poisoned by a hornet]
  7778 | D:7      | Noticed Prince Ribbit
  8004 | D:7      | Killed Prince Ribbit
  8005 | D:7      | Reached skill level 5 in Polearms
  8127 | D:7      | Found a staircase to the Ecumenical Temple.
  8144 | Temple   | Entered the Ecumenical Temple
  8314 | Temple   | Became a worshipper of Qazlal Stormbringer
  8314 | Temple   | Reached * piety under Qazlal
  8314 | Temple   | Reached ** piety under Qazlal
  8517 | D:7      | Reached XP level 10. HP: 83/83 MP: 10/10
  8883 | D:7      | Paralysed by a hornet for 1 turns
  9228 | D:8      | HP: 2/83 [troll (9)]
  9585 | D:8      | Noticed a deep elf pyromancer
  9590 | D:8      | Killed a deep elf pyromancer
 10330 | D:8      | Noticed Gastronok
 10351 | D:8      | Killed Gastronok
 10352 | D:8      | Reached skill level 16 in Axes
 10460 | D:8      | Identified the +2 robe of Uluolamu {rCorr}
 10623 | D:9      | Found a flagged portal.
 10635 | Bailey   | Entered a bailey
 10669 | Bailey   | Reached *** piety under Qazlal
 10710 | Bailey   | Reached XP level 11. HP: 85/94 MP: 13/13
 10816 | Bailey   | Noticed an orc knight
 10818 | Bailey   | Reached **** piety under Qazlal
 11471 | D:9      | Noticed Maggie
 11476 | D:9      | Killed Maggie
 11673 | D:9      | Found a staircase to the Lair.
 12227 | Lair:1   | Entered Level 1 of the Lair of Beasts
 12230 | Lair:1   | Noticed a five-headed hydra
 12242 | Lair:1   | Killed a one-headed hydra
 12243 | Lair:1   | Reached skill level 5 in Invocations
 12356 | D:9      | Reached skill level 17 in Axes
 12358 | D:9      | Reached ***** piety under Qazlal
 12678 | Lair:1   | Noticed a five-headed hydra
 12848 | D:9      | Killed a four-headed hydra
 13154 | Lair:1   | Found a runed translucent gate.
 13155 | Lair:1   | Found a runed translucent gate.
 13155 | Lair:1   | Noticed a minotaur
 13168 | Lair:1   | Noticed knorpule3000's ghost (journeyman HuWn)
 13171 | Lair:1   | Found a runed translucent gate.
 13171 | Lair:1   | Noticed a four-headed hydra
 13429 | Lair:1   | Reached XP level 12. HP: 106/106 MP: 17/17
 13741 | Lair:2   | Reached skill level 10 in Fighting
 13747 | Lair:2   | Reached skill level 18 in Axes
 14176 | Lair:2   | Found a hole to the Spider Nest.
 14248 | Lair:2   | Found a staircase to the Shoals.
 14433 | Lair:2   | Reached skill level 19 in Axes
 15447 | Lair:3   | Reached skill level 10 in Invocations
 15447 | Lair:3   | Reached XP level 13. HP: 66/116 MP: 20/20
 15748 | Lair:3   | Identified the +7 long sword of Fuid Yru {flame, *Rage
                  | Dex+8}
 16326 | Lair:4   | Reached skill level 20 in Axes
 17911 | Lair:5   | Found a gate leading to a gauntlet.
 17926 | Gauntlet | Entered a Gauntlet
 17926 | Gauntlet | Found a transporter.
 18151 | Gauntlet | Found a transporter.
 18168 | Gauntlet | Found a transporter.
 18171 | Gauntlet | Found a transporter.
 18181 | Gauntlet | Found a transporter.
 18201 | Gauntlet | Found a transporter.
 18205 | Gauntlet | Found a transporter.
 18208 | Gauntlet | Found a transporter.
 18235 | Gauntlet | Found a transporter.
 18243 | Gauntlet | Found a transporter.
 18243 | Gauntlet | Found a transporter.
 18251 | Gauntlet | Found a transporter.
 18354 | Gauntlet | Identified the +0 helmet "Ibau" {rC++}
 18524 | Gauntlet | Identified the +5 leather armour of Watchfulness {Drain
                  | rN++ Regen+}
 18524 | Gauntlet | Noticed a minotaur
 18525 | Gauntlet | Found the +4 robe of Augmentation {Str+4 Int+4 Dex+4}
 18530 | Gauntlet | Killed a minotaur
 18912 | Gauntlet | Identified the +4 short sword of Youthful Indiscretion
                  | {flame, rElec}
 18917 | Gauntlet | Identified the Reference Book on Enchanting Envenoming
 19155 | Lair:5   | Reached XP level 14. HP: 127/127 MP: 21/23
 19163 | Lair:5   | Reached skill level 1 in Armour
 19359 | Lair:5   | Found the +6 Majin-Bo {vamp, MP+6 Int+6}
 19711 | Lair:6   | Entered Level 6 of the Lair of Beasts
 19993 | Lair:6   | Reached ****** piety under Qazlal
 21287 | D:10     | Entered Level 10 of the Dungeon
 21425 | D:10     | Found a runed translucent gate.
 21425 | D:10     | Found a runed translucent gate.
 21427 | D:10     | Found a runed translucent gate.
 21427 | D:10     | Noticed a stone giant
 21427 | D:10     | Noticed Renjy's ghost (journeyman VSCj)
 22200 | D:3      | Found a burning altar of Makhleb.
 22210 | D:3      | Found a sparkling altar of Nemelex Xobeh.
 22413 | Lair:1   | Killed knorpule3000's ghost
 22414 | Lair:1   | Reached XP level 15. HP: 139/139 MP: 22/25
 22579 | D:10     | Reached skill level 5 in Armour
 22588 | D:10     | Killed Renjy's ghost
 22766 | D:11     | Found Qyumitydyts's Magic Scroll Emporium.
 22766 | D:11     | Noticed Fannar
 22776 | D:11     | Killed Fannar
 22782 | D:11     | Reached skill level 15 in Fighting
 22782 | D:11     | Reached skill level 5 in Dodging
 22795 | D:11     | Bought a scroll of enchant armour for 112 gold pieces
 22795 | D:11     | Bought a scroll of magic mapping for 52 gold pieces
 22795 | D:11     | Bought a scroll of enchant armour for 112 gold pieces
 22795 | D:11     | Bought a scroll of blinking for 112 gold pieces
 22906 | D:11     | Found Meygevig's Distillery.
 22913 | D:11     | Found Kaegg's Assorted Antiques.
 22914 | D:11     | Bought a potion of mutation for 104 gold pieces
 22914 | D:11     | Bought 2 potions of heal wounds for 130 gold pieces
 22914 | D:11     | Bought a potion of magic for 104 gold pieces
 22914 | D:11     | Bought a potion of lignification for 39 gold pieces
 22914 | D:11     | Bought a potion of curing for 39 gold pieces
 22994 | D:11     | Found a staircase to the Orcish Mines.
 23000 | D:11     | Found Pibeck's Distillery.
 23003 | D:11     | Bought a potion of curing for 33 gold pieces
 23003 | D:11     | Bought 2 potions of might for 88 gold pieces
 23003 | D:11     | Bought a potion of heal wounds for 55 gold pieces
 23003 | D:11     | Bought a potion of might for 44 gold pieces
 23137 | D:11     | Identified 3 scrolls of acquirement
 23138 | D:11     | Acquired 646 gold pieces
 23140 | D:11     | Acquired a manual of Armour
 23142 | D:11     | Acquired the ring of the Shining Light {Will+ EV+4 SInv}
 23193 | D:12     | Noticed Nergalle
 23202 | D:12     | Killed Nergalle
 23611 | D:12     | Reached skill level 15 in Invocations
 24183 | D:12     | Noticed a fire giant
 24184 | D:12     | Found the +3 Elemental Staff {rElec rF++ rC++ Will++ AC+5}
 24186 | D:12     | Killed a fire giant
 24610 | Orc:1    | Entered Level 1 of the Orcish Mines
 24615 | Orc:1    | Found a frozen archway.
 24645 | IceCv    | Entered an ice cave
 25282 | IceCv    | Noticed a frost giant
 25293 | IceCv    | Killed a frost giant
 25892 | Orc:1    | Reached XP level 16. HP: 136/149 MP: 24/28
 26724 | Orc:2    | Entered Level 2 of the Orcish Mines
 26736 | Orc:2    | Noticed Saint Roka
 27108 | Orc:2    | Killed Saint Roka
 27151 | Orc:2    | Found a roughly hewn altar of Beogh.
 27153 | Orc:2    | Found Giniguxt's Distillery.
 27419 | Orc:2    | Noticed Erolcha
 27422 | Orc:2    | Killed Erolcha
 27761 | Orc:2    | Found a roughly hewn altar of Beogh.
 27794 | Orc:2    | Found a roughly hewn altar of Beogh.
 28135 | Orc:2    | Found Faywuj's Antique Weapon Emporium.
 28184 | Orc:2    | Found a roughly hewn altar of Beogh.
 28231 | Orc:2    | Found Qycvaics's Antique Armour Shoppe.
 28276 | Orc:2    | Found a staircase to the Elven Halls.
 28289 | Orc:2    | Found a roughly hewn altar of Beogh.
 28388 | Orc:2    | Bought a potion of heal wounds for 50 gold pieces
 28388 | Orc:2    | Bought a potion of might for 40 gold pieces
 28388 | Orc:2    | Bought a potion of mutation for 80 gold pieces
 28388 | Orc:2    | Bought a potion of heal wounds for 50 gold pieces
 28456 | Orc:2    | Found a roughly hewn altar of Beogh.
 28462 | Orc:2    | Found Vaxkeaca's Book Shop.
 28473 | Orc:2    | Learned a level 5 spell: Manifold Assault
 28679 | D:13     | Found Cicown's Distillery.
 29021 | D:13     | Bought a potion of curing for 33 gold pieces
 29021 | D:13     | Bought a potion of heal wounds for 55 gold pieces
 29021 | D:13     | Bought a potion of heal wounds for 55 gold pieces
 29021 | D:13     | Bought a potion of curing for 33 gold pieces
 29318 | D:13     | Acquired 893 gold pieces
 29618 | D:14     | Noticed Josephine
 29632 | D:14     | Killed Josephine
 29793 | D:14     | Reached skill level 10 in Armour
 29835 | D:14     | Found a gate to the Vaults.
 30909 | D:15     | Entered Level 15 of the Dungeon
 31055 | D:15     | Reached XP level 17. HP: 155/162 MP: 29/29
 31624 | D:15     | Found Ycufavi's Magic Scroll Emporium.
 31632 | D:15     | Bought a scroll of fear for 42 gold pieces
 31632 | D:15     | Bought a scroll of blinking for 90 gold pieces
 31632 | D:15     | Bought a scroll of teleportation for 36 gold pieces
 31836 | D:15     | Found a staircase to the Depths.
 32773 | D:15     | Found an ancient bone altar of Kikubaaqudgha.
 32945 | Spider:1 | Entered Level 1 of the Spider Nest
 34635 | Shoals:1 | Entered Level 1 of the Shoals
 34660 | Shoals:1 | Found a flickering gateway to a bazaar.
 34665 | Bazaar   | Entered a bazaar
 34776 | Bazaar   | Found Pelec's Book Emporium.
 34800 | Bazaar   | Found Nohodah's Book Boutique.
 34856 | Bazaar   | Found Pamnigu's Book Emporium.
 34877 | Bazaar   | Found Hehiphisk's Assorted Antiques.
 34979 | Bazaar   | Bought the Reference Book on the Mutagenic Snowflakes for
                  | 590 gold pieces
 35001 | Bazaar   | Bought a book of the Dragon for 1350 gold pieces
 35046 | Bazaar   | Bought a book of Transfigurations for 605 gold pieces
 35475 | Shoals:1 | Found a runed translucent gate.
 35475 | Shoals:1 | Identified the ring of Wida {Will+ Int+8}
 35566 | Shoals:1 | Acquired a +0 executioner's axe of flaming
 35648 | Shoals:1 | Found a runed translucent gate.
 35648 | Shoals:1 | Found a runed translucent gate.
 35651 | Shoals:1 | Noticed Yxzaesko's ghost (journeyman TeWz)
 35673 | Shoals:1 | Killed Yxzaesko's ghost
 36813 | Spider:2 | Reached XP level 18. HP: 165/173 MP: 23/31
 36817 | Spider:2 | Noticed Agnes
 36828 | Spider:2 | Killed Agnes
 37898 | Spider:3 | Noticed Arachne
 38303 | Spider:3 | Killed Arachne
 38892 | Spider:4 | Entered Level 4 of the Spider Nest
 39689 | Spider:4 | Identified the -1 cloak of the Great Game {Will+ Int+7}
 40048 | Spider:4 | Reached XP level 19. HP: 97/184 MP: 9/33
 40627 | Spider:4 | Got a gossamer rune of Zot
 41767 | Shoals:2 | You fall into a shaft and drop 1 floor!
 41767 | Shoals:3 | Found Zaudin's Antique Weapon Shop.
 41768 | Shoals:3 | Noticed Kirke
 41776 | Shoals:3 | Killed Kirke
 42099 | Shoals:2 | Reached skill level 15 in Armour
 42526 | Shoals:2 | Found a runed translucent door.
 42527 | Shoals:2 | Noticed celly00's ghost (journeyman TeWz)
 42620 | Shoals:2 | Killed celly00's ghost
 42670 | Shoals:3 | Found Axtofu's Book Boutique.
 42909 | Shoals:3 | Noticed Polyphemus
 42923 | Shoals:3 | Killed Polyphemus
 43078 | Shoals:3 | Found Acisot's Magic Scroll Shoppe.
 43088 | Shoals:3 | Bought a scroll of acquirement for 832 gold pieces
 43090 | Shoals:3 | Acquired +0 gold dragon scales
 43150 | Shoals:3 | Found Okeiwn's Jewellery Shoppe.
 43428 | Shoals:4 | Entered Level 4 of the Shoals
 43481 | Shoals:4 | Cast into level 2 of the Abyss (merfolk)
 43481 | Abyss:2  | Found a corrupted altar of Lugonu.
 44010 | Abyss:2  | Found a corrupted altar of Lugonu.
 44060 | Abyss:2  | Paralysed by accursed screaming for 1 turns
 44093 | Abyss:2  | Gained mutation: Armour fits poorly on your strangely
                  | shaped body. [a neqoxec]
 44096 | Shoals:4 | Escaped the Abyss
 44489 | Shoals:3 | Lost mutation: Armour fits poorly on your strangely shaped
                  | body. [potion of mutation]
 44489 | Shoals:3 | Gained mutation: You have supernaturally acute eyesight.
                  | (SInv) [potion of mutation]
 44489 | Shoals:3 | Gained mutation: You do not regenerate when monsters are
                  | visible. [potion of mutation]
 44489 | Shoals:3 | Gained mutation: Your system is resistant to poisons.
                  | (rPois) [potion of mutation]
 44490 | Shoals:3 | Lost mutation: You do not regenerate when monsters are
                  | visible. [potion of mutation]
 44490 | Shoals:3 | Lost mutation: Your system is resistant to poisons. (rPois)
                  | [potion of mutation]
 44490 | Shoals:3 | Gained mutation: You are covered in fur. (AC +1) [potion of
                  | mutation]
 44490 | Shoals:3 | Gained mutation: A frigid envelope surrounds you and
                  | freezes all who hurt you. [potion of mutation]
 44494 | Shoals:4 | Noticed Ilsuiw
 44496 | Shoals:4 | Reached skill level 10 in Dodging
 44510 | Shoals:4 | Killed Ilsuiw
 44936 | Shoals:4 | Reached XP level 20. HP: 184/198 MP: 34/34
 45007 | Shoals:4 | Got a barnacled rune of Zot
 46868 | Vaults:1 | Entered Level 1 of the Vaults
 46878 | Vaults:1 | Reached skill level 21 in Axes
 47336 | Vaults:1 | Noticed Donald
 47347 | Vaults:1 | Killed Donald
 48061 | Vaults:1 | Found Aseitem's Assorted Antiques.
 48069 | Vaults:1 | Bought a scroll of enchant weapon for 240 gold pieces
 48091 | Vaults:1 | Identified the amulet "Hunokl Eghe" {Acrobat rC+ Int+4}
 48472 | Vaults:1 | Reached skill level 22 in Axes
 48660 | Vaults:1 | Noticed Asterion
 48669 | Vaults:1 | Killed Asterion
 48819 | Vaults:1 | Acquired 1146 gold pieces
 48821 | Vaults:1 | Acquired 739 gold pieces
 48823 | Vaults:1 | Acquired a manual of Axes
 49249 | Vaults:2 | Reached XP level 21. HP: 125/206 MP: 36/36
 49841 | Vaults:2 | Reached skill level 23 in Axes
 50451 | Vaults:2 | Reached skill level 24 in Axes
 50861 | Vaults:2 | Reached skill level 25 in Axes
 51422 | Vaults:2 | Found a transporter.
 51432 | Vaults:2 | Found a transporter.
 51563 | Vaults:2 | Found Niawn's Jewellery Boutique.
 51572 | Vaults:2 | Bought the ring of Dutes {rC+ rN+ Str+6} for 767 gold
                  | pieces
 52028 | Vaults:3 | Reached skill level 26 in Axes
 52395 | Vaults:3 | Found a huge runed gate.
 52396 | Vaults:3 | Found a huge runed gate.
 52396 | Vaults:3 | Found a huge runed gate.
 52397 | Vaults:3 | Found a huge runed gate.
 52409 | Vaults:3 | Found a huge runed gate.
 52411 | Vaults:3 | Found a huge runed gate.
 52413 | Vaults:3 | Found a huge runed gate.
 52413 | Vaults:3 | Found a huge runed gate.
 52413 | Vaults:3 | Found a huge runed gate.
 52413 | Vaults:3 | Found a huge runed gate.
 52416 | Vaults:3 | Found a huge runed gate.
 52416 | Vaults:3 | Found a huge runed gate.
 52416 | Vaults:3 | Found a huge runed gate.
 52416 | Vaults:3 | Found a huge runed gate.
 52416 | Vaults:3 | Found a huge runed gate.
 52416 | Vaults:3 | Found a huge runed gate.
 52417 | Vaults:3 | Found a huge runed gate.
 52418 | Vaults:3 | Found a huge runed gate.
 52419 | Vaults:3 | Found a huge runed gate.
 52469 | Vaults:3 | Reached XP level 22. HP: 97/215 MP: 31/37
 52488 | Vaults:3 | You fall into a shaft and drop 1 floor!
 52488 | Vaults:4 | Found Plog's Distillery.
 52610 | Vaults:4 | Reached skill level 27 in Axes
 52621 | Vaults:4 | Found a ruined gateway.
 52634 | Desolati | Entered the Desolation of Salt
 52648 | Desolati | HP: 2/202 [halazid warlock/bolt of negative energy (43)]
 52653 | Desolati | HP: 9/203 [halazid warlock/bolt of cold (5)]
 52656 | Vaults:4 | Mangled by a vault warden

Illustrated notes

Levels and vault maps discovered:
D:1:      kennysheep_arrival_seaside, layout_rooms, serial_shops,
          nicolae_shop_temple_entry_statues_fountains,
          chequers_serial_rivers_micro_a, minmay_crystal_room
D:2:      layout_loops_corners
D:3:      layout_basic, jmf_multi_god_temple2, cheibrodos_sewer_entry_sluice,
          st_stairs_2
D:4:      layout_basic, minitemple, uniq_pikel
D:5:      layout_basic, grunt_ministairs_12, grunt_decor_fettered,
          uniq_crazy_yiuf_cottage
D:6:      layout_gridville, minmay_manual_monstrance
D:7:      layout_loops_ring, minmay_temple_entry_slanted, uniq_menkaure,
          uniq_prince_ribbit1
D:8:      layout_rooms, corexii_corridor_pit, wad_mini_maze, uniq_gastronok
D:9:      layout_basic, lair_entry_dummy, enter_bailey_7, dk_rats_in_the_wall,
          uniq_maggie
D:10:     layout_loops_cross, gammafunk_ghost_split
D:11:     layout_cross, orc_0_dummy, serial_shops, kennysheep_mini,
          shop_fountains, nicolae_shop_statue_plus,
          nicolae_shop_competitors_out_of_business, uniq_fannar
D:12:     layout_layer_cave, kennysheep_just_a_vault, uniq_nergalle
D:13:     layout_cave_pools, serial_shops, shop
D:14:     layout_stronghold, grunt_vaults_entry_fortified, chequers_jeans,
          minmay_misc_feat_four_crosses, minivault_22, uniq_josephine
D:15:     hangedman_depths_entry_civil_slaughter, layout_stronghold,
          serial_shops, nicolae_shop_stone, kiku_gazebo_pond_becter,
          serial_undead, serial_undead_f, serial_undead_a, serial_undead_e,
          serial_undead_e, minivault_8
Temple:   nicolae_temple_elliptical
Lair:1:   layout_regular_city, maelrawn_ghost_gauntlet_escape
Lair:2:   layout_gridlike, minmay_shoals_entry_centaurs, spider_nest_entry_a,
          serial_bayou, serial_bayou_pond_b, serial_bayou_crossing,
          serial_bayou_pond_c, serial_bayou_lagoon_b, kennysheep_abandoned_house
Lair:3:   layout_gridlike, grunt_megastairs_2, lemuel_fruit_fields
Lair:4:   layout_small_grid, nzn_sisyphean_effort
Lair:5:   layout_gridlike, gauntlet_entry_generic, beast_lair_carwin_1
Lair:6:   hangedman_lair_tendril_chambers, layout_hall_layers, slime_altar_1,
          lemuel_fruit_tree
Shoals:1: layout_shoals, serial_shops, bzr_entry_dummy,
          gammafunk_ghost_necromancy
Shoals:2: layout_shoals, gammafunk_ghost_grave
Shoals:3: layout_shoals, serial_shops, shop, shop, shop, shop, uniq_kirke,
          uniq_polyphemus
Shoals:4: shoals_end_simple, layout_shoals, shoals_ilsuiw_alternative,
          nicolae_shoals_circle_sea_wall
Spider:1: nicolae_spider_hall_of_the_moth_king
Spider:2: layout_spider_delve, nicolae_spider_cling_ruins,
          nicolae_spider_jagged_tunnels, uniq_agnes
Spider:3: layout_spider_delve, uniq_arachne
Spider:4: guppyfry_spider_rune
Orc:1:    layout_diamond_mine, nicolae_volcano_entry_s_turn,
          portal_ice_cave_entry_ice_beasts, nicolae_orc_damp_corner,
          elves_outpost_lemuel
Orc:2:    grunt_orc_community_town_hall, layout_caves,
          grunt_orc_community_big_house_1, grunt_orc_community_big_house_2,
          grunt_orc_community_house_2, grunt_orc_community_house_1,
          grunt_orc_community_house_2, grunt_orc_community_house_2,
          grunt_orc_community_house_2, grunt_orc_community_house_1,
          lightli_orcish_oven, uniq_saint_roka, uniq_erolcha
Vaults:1: vaults_dpeg_doors, grunt_vaults_diagonal, vaults_mumra_minichess,
          hangedman_vaults_slice, vaults_standard_mumra_enter_the_diamond,
          dpeg_vaults_monster_row, nicolae_vaults_diagonal_hallway_6,
          ontoclasm_vaults_loading_screen, nicolae_vaults_little_ls,
          layout_vaults_chaotic_city, serial_shops, shop_statue, uniq_asterion,
          uniq_donald
Vaults:2: v_misc_30, gammafunk_sealed_arena, hangedman_vaults_stagger,
          vaults_room_door_ring, grunt_vaults_funnel, vaults_standard_mumra_x,
          vaults_room_door_ring, v_rooms_5, hangedman_vaults_variations,
          ontoclasm_vaults_gateway, ontoclasm_vaults_ring_square,
          vaults_mumra_chevron, vaults_mumra_lcd, layout_vaults_omnibox,
          serial_shops, shop
Vaults:3: minmay_crypt_entry_skeletal_spiral,
          hangedman_vaults_stretched_pinwheel, vaults_not_door_vault_due,
          v_misc_1, nicolae_vaults_windows_and_doors_thing,
          nicolae_vaults_theta, hangedman_vaults_snaps, v_pattern_1, v_misc_26,
          layout_vaults_ring
Vaults:4: vaults_room_boxed, hangedman_vaults_capsules, st_spiral_rooms,
          v_misc_13, nicolae_vaults_three_branches, vaults_dpeg_diagonal,
          v_misc_12, v_misc_13, ontoclasm_vaults_shuriken,
          nicolae_vaults_little_squares_1, hangedman_vaults_restitches,
          v_misc_23, layout_vaults_maze, portal_desolation_entry_salt,
          serial_shops, nicolae_shop_crystal

Skill      XL: |  1  2  3  4  5  6  7  8  9 10 11 12 13 14 15 16 17 18 19 20 21 22 |
---------------+-------------------------------------------------------------------+-----
Axes           | 5 6 8 11 14 15 16 17 19 20 22 26 27 | 27.0
Polearms       | 5 7 |  7.8
Fighting       | 5 8 9 11 12 14 16 17 18 19 21 22 | 22.1
Invocations    | 3 7 10 12 14 16 17 19 20 21 22 | 22.8
Armour         | 4 8 10 12 14 15 | 15.9
Dodging        | 4 6 7 8 9 10 | 10.3
Stealth        | |  1.5

Action                   |  1- 3 |  4- 6 |  7- 9 | 10-12 | 13-15 | 16-18 | 19-21 | 22-24 || total
-------------------------+-------+-------+-------+-------+-------+-------+-------+-------++-------
Melee: Hand axe          |   107 |   176 |   285 |       |       |       |       |       ||   568
       Halberd           |       |       |    98 |   110 |       |       |       |       ||   208
       Battleaxe         |       |       |       |   345 |   703 |  1107 |   962 |       ||  3117
       Broad axe         |       |       |       |    26 |    35 |       |       |       ||    61
       Executioner's axe |       |       |       |       |       |       |    96 |    51 ||   147
Invok: Upheaval          |       |       |       |     1 |     5 |    18 |     2 |       ||    26
       Disaster Area     |       |       |       |       |     2 |     6 |     9 |     2 ||    19
       Elemental Force   |       |       |       |       |     1 |       |       |       ||     1
  Use: Potion            |       |     4 |     2 |     2 |     4 |     7 |     6 |    10 ||    35
       Scroll            |       |     7 |     3 |     6 |    17 |    11 |    12 |     1 ||    57
 Stab: Sleeping          |     4 |     1 |       |       |       |       |       |       ||     5
       Petrified         |       |       |       |       |       |       |     3 |       ||     3
       Invisible         |       |       |       |       |       |       |       |     5 ||     5
Armor: Robe              |     3 |       |       |       |       |       |       |       ||     3
       Leather armour    |    31 |    41 |       |       |       |       |       |       ||    72
       Chain mail        |       |   100 |   186 |   247 |   349 |   638 |   457 |    21 ||  1998
Dodge: Dodged            |    75 |   119 |    86 |   155 |   265 |   693 |   598 |    65 ||  2056
       Repelled          |       |       |       |       |    10 |     4 |    14 |     1 ||    29
Block: Other             |       |       |       |    79 |   193 |   425 |   284 |    24 ||  1005

Table legend: (Time is in decaauts)
 A = Elapsed time spent in this place.
 B = Non-inter-level travel time spent in this place.
 C = Inter-level travel time spent in this place.
 D = Time resting spent in this place.
 E = Time spent auto-exploring this place.
 F = Levels seen in this place.
 G = Mean time per level.
                   A        B        C        D        E       F      G
               +--------+--------+--------+--------+--------+-----+--------+
         Total |  52109 |  49340 |   2769 |  15060 |  27018 |  43 | 1211.8 |
       Dungeon |  19680 |  18394 |   1286 |   4467 |  11774 |  15 | 1312.0 |
        Temple |    205 |    205 |      0 |      0 |    142 |   1 |  205.0 |
          Lair |   7754 |   7127 |    627 |   1913 |   4286 |   6 | 1292.3 |
        Shoals |   7099 |   6675 |    424 |   2863 |   2788 |   4 | 1774.8 |
   Spider Nest |   5411 |   5187 |    224 |   2351 |   2068 |   4 | 1352.8 |
  Orcish Mines |   2884 |   2774 |    110 |    535 |   1740 |   2 | 1442.0 |
        Vaults |   5586 |   5492 |     94 |   1611 |   3058 |   4 | 1396.5 |
         Abyss |    580 |    580 |      0 |    392 |     14 |   1 |  580.0 |
        Bazaar |    408 |    408 |      0 |     79 |    142 |   1 |  408.0 |
         Sewer |    310 |    310 |      0 |    184 |     58 |   1 |  310.0 |
        Bailey |    187 |    187 |      0 |      0 |      0 |   1 |  187.0 |
      Ice Cave |    963 |    963 |      0 |      4 |    764 |   1 |  963.0 |
    Desolation |     17 |     17 |      0 |      0 |      0 |   1 |   17.0 |
      Gauntlet |   1018 |   1018 |      0 |    658 |    182 |   1 | 1018.0 |
               +--------+--------+--------+--------+--------+-----+--------+

Top non-repeatable levels by time:
Vaults:1: 2528 daAuts
     D:9: 2285 daAuts
Vaults:2: 2145 daAuts
Shoals:1: 2123 daAuts
Shoals:3: 2008 daAuts
Spider:1: 1881 daAuts
    D:15: 1856 daAuts
Spider:4: 1825 daAuts
     D:6: 1768 daAuts
  Lair:2: 1716 daAuts
  Lair:4: 1556 daAuts
     D:8: 1554 daAuts
    D:12: 1504 daAuts
Shoals:2: 1484 daAuts
Shoals:4: 1483 daAuts
